 Dungeon Crawl Stone Soup version 0.28.0-43-g3370ac3207 (webtiles) character file.

Game seed: 5005421906283243458

37 Pinkishskies the Magician (level 3, 0/25 HPs)
             Began as a Djinni Fire Elementalist on Mar 9, 2022.
             Slain by a giant cockroach (2 damage)
             ... on level 2 of the Dungeon.
             The game lasted 00:04:10 (2366 turns).

Pinkishskies the Magician (DjFE)                    Turns: 2366, Time: 00:04:11

Health: 0/25       AC:  2    Str:  7    XL:     3   Next: 62%
Gold:   83         EV: 12    Int: 18    God:
                   SH:  3    Dex: 13

rFire   + + .      SeeInvis .   (no weapon)
rCold   x . .      Faith    .   e - +0 buckler
rNeg    . . .      Spirit   .   a - +0 robe
rPois   ∞          Reflect  .   (no helmet)
rElec   .          Harm     .   (no cloak)
rCorr   .          Rampage  .   (no gloves)
Will    .....                   (boots unavailable)
Stlth   ++........              (no amulet)
HPRegen 0.08/turn               (no ring)
MPRegen 0.00/turn               (no ring)

@: flying, very slightly contaminated
A: sickness immunity, fire resistance 2, cold vulnerability 1, float, innate
caster, HP casting, extra vitality 1
a: no special abilities


You were on level 2 of the Dungeon.
You visited 1 branch of the dungeon, and saw 2 of its levels.

You collected 83 gold pieces.

Inventory:

Hand Weapons
 c - a +1 dagger of speed
Armour
 a - a +0 robe (worn)
 e - a +0 buckler (worn)
Jewellery
 b - an amulet of magic regeneration
Scrolls
 d - a scroll of acquirement {unknown}
Potions
 f - a potion of might {unknown}
 g - a potion of heal wounds {unknown}
 h - a potion of magic {unknown}


   Skills:
 * Level 2.4 Dodging
 + Level 1.8 Stealth
 * Level 0.5 Shields
 + Level 3.1 Spellcasting


You couldn't memorise any spells.
You knew the following spells:

 Your Spells              Type           Power      Damage    Failure   Level
a - Foxfire               Conj/Fire      56%        2x1d6     6%          1
b - Scorch                Fire           28%        2d6       9%          2
c - Conjure Flame         Conj/Fire      14%        6-21      19%         3
d - Inner Flame           Hex/Fire       14%        N/A       19%         3
e - Flame Wave            Conj/Fire      14%        2d6       52%         4
f - Apportation           Tloc           28%        N/A       6%          1
Your spell library was empty.

Dungeon Overview and Level Annotations

Branches:
Dungeon (2/15)

Altars:
Dithmenos

Shops:
D:1 [


Innate Abilities, Weirdness & Mutations

You are immune to sickness and miasma.
You are immune to poison.
Your flesh is very heat resistant. (rF++)
You are vulnerable to cold. (rC-)
You float through the air rather than walking.
You learn spells naturally, not from books.
Your magical power is your life essence.
You have superior vitality. (+4 MHP)


Message History

There is not enough space to conjure foxfire!
Casting: Foxfire (safe; 6% risk of failure)
Confirm with . or Enter, or press ? or * to list all spells.
There is not enough space to conjure foxfire!
Casting: Foxfire (safe; 6% risk of failure)
Confirm with . or Enter, or press ? or * to list all spells.
Flames lash the giant cockroach.
The giant cockroach is heavily wounded.
The giant cockroach's fire resistance burns away.
* * * LOW HITPOINT WARNING * * *
The giant cockroach closely misses you. The giant cockroach bites you.
* * * LOW HITPOINT WARNING * * *
Casting: Scorch (safe; 9% risk of failure)
Confirm with . or Enter, or press ? or * to list all spells.
You don't have enough health to cast this spell.
Unknown command.
Casting: Scorch (safe; 9% risk of failure)
Confirm with . or Enter, or press ? or * to list all spells.
You don't have enough health to cast this spell.
Really attack while wielding nothing? [Y]es or [N]o only, please.
Really attack while wielding nothing? [Y]es or [N]o only, please.
Really attack while wielding nothing?
You barely miss the giant cockroach.
The giant cockroach bites you but does no damage.
The giant cockroach bites you.
* * * LOW HITPOINT WARNING * * *
The giant cockroach misses you.
You barely miss the giant cockroach.
The giant cockroach is no longer more vulnerable to fire.
The giant cockroach barely misses you. x2
The giant cockroach bites you but does no damage.
You hit the giant cockroach but do no damage.
The giant cockroach bites you but does no damage.
The giant cockroach closely misses you.
The giant cockroach waves its antennae.
You hit the giant cockroach but do no damage.
The giant cockroach misses you. The giant cockroach bites you.
You die...

..# .## .#########
.......... .#.######
.#.#### ### ......# ....
##.##.# ....?#### .....<#
....BBB@# ##....#
....BB#B# #....# .....
#.# ##....# ....
#.#######. ......# ...
#......... ##.#..# ..
#.#######.
#.#..##########.#
#.#.............#
#.#.......####..#########


You could see 6 giant cockroaches.

Vanquished Creatures
  A dart slug (D:2)
  2 bats
  3 endoplasms
  6 giant cockroaches
  3 goblins
  3 hobgoblins
  3 quokkas
  2 ball pythons
  2 frilled lizards
  2 kobolds
  3 rats
30 creatures vanquished.

Vanquished Creatures (others)
  116 foxfires
116 creatures vanquished.

Grand Total: 146 creatures vanquished

Notes
Turn   | Place    | Note
-------+----------+-------------------------------------------
     0 | D:1      | Pinkishskies the Djinni Fire Elementalist began the quest
                  | for the Orb.
     0 | D:1      | Reached XP level 1. HP: 15/15 MP: 0/0
   331 | D:1      | Reached XP level 2. HP: 14/21 MP: 0/0
  1064 | D:1      | Found a faded altar of an unknown god.
  1121 | D:1      | Found Xeaherup's Armour Emporium.
  1537 | D:2      | Reached skill level 3 in Spellcasting
  1631 | D:2      | Reached XP level 3. HP: 21/25 MP: 0/0
  1631 | D:2      | Learned a level 1 spell: Apportation
  1857 | D:2      | Found a shadowy altar of Dithmenos.
  2363 | D:2      | HP: 1/25 [giant cockroach (1)]
  2366 | D:2      | Slain by a giant cockroach

Illustrated notes

Levels and vault maps discovered:
D:1:      shiori_angband_town, layout_loops_ring, serial_shops,
          nicolae_shop_statue_plus, shapermc_ecumenical_altar_acropolis
D:2:      minmay_roachtagon, layout_basic, basic_altar

Skill      XL: |  1  2 |
---------------+-------+-----
Spellcasting   | 3 |  3.1
Dodging        | |  2.4
Stealth        | |  1.8
Shields        | |  0.5

Action                   || total
-------------------------++-------
Melee: Unarmed           ||     4
 Cast: Foxfire           ||    93
       Scorch            ||     6
Armor: Robe              ||     4
Dodge: Dodged            ||    13
Block: Buckler           ||     2
